 Dungeon Crawl Stone Soup version 0.23.2-30-g0e89c35649 (webtiles) character file.

Game seed: 5410769025963875592

23 Garessta the Charmwright (level 3, -4/28 HPs)
             Began as a Merfolk Skald on June 8, 2019.
             Slain by a sky beast (6 damage)
             ... on level 2 of the Dungeon.
             The game lasted 00:10:08 (1154 turns).

Garessta the Charmwright (Merfolk Skald)            Turns: 1154, Time: 00:10:09

Health: -4/28      AC:  5    Str: 12    XL:     3   Next: 0%
Magic:  4/6        EV: 11    Int: 12    God:
Gold:   56         SH:  0    Dex: 13    Spells: 1/6 levels left

rFire    . . .     SeeInvis .   a - +0 spear
rCold    . . .     Gourm    .   (no shield)
rNeg     . . .     Faith    .   k - +0 ring mail
rPois    .         Spirit   .   (no helmet)
rElec    .         Reflect  .   (no cloak)
rCorr    .         Harm     .   (no gloves)
MR       .....                  (no boots)
Stlth    +.........             (no amulet)
HPRegen  0.09/turn              h - ring of wizardry
MPRegen  0.10/turn              (no ring)

@: singing (expiring)
A: change form in water, swift swim, stealthy swim
a: no special abilities


You were on level 2 of the Dungeon.
You were not hungry.

You visited 1 branch of the dungeon, and saw 2 of its levels.

You collected 56 gold pieces.

Inventory:

Hand Weapons
 a - a +0 spear (weapon)
Armour
 b - a +0 leather armour
 k - a +0 ring mail (worn)
Jewellery
 h - a ring of wizardry (left hand)
Scrolls
 c - a scroll of fear {unknown}
 f - a scroll of teleportation {unknown}
 i - a scroll of identify {unknown}
 j - a scroll of remove curse {unknown}
Potions
 e - a potion of agility {unknown}
 g - 2 potions of ambrosia {unknown}
Comestibles
 d - a ration
 l - a chunk of flesh


   Skills:
 * Level 2.6 Fighting
 + Level 3.2 Polearms
 - Level 0.6 Armour
 + Level 3.0 Dodging
 * Level 2.4 Spellcasting
 + Level 3.5 Charms


You had one spell level left.
You knew the following spells:

 Your Spells              Type           Power        Failure   Level  Hunger
a - Infusion              Chrm           #...         6%          1    ##.....
b - Song of Slaying       Chrm           #.......     9%          2    ###....
c - Shroud of Golubria    Chrm/Tloc      #.........   17%         2    ###....

Your spell library contained the following spells:

 Spells                   Type           Power        Failure   Level  Hunger
 Regeneration             Chrm/Necr      #.........   32%         3    ####...
 Spectral Weapon          Hex/Chrm       #.......     32%         3    ####...


Dungeon Overview and Level Annotations

Branches:
Dungeon (2/15)

Altars:
Nemelex Xobeh


Message History

Your song is almost over.
You hit something but do no damage.
A sky beast appears from thin air!
Reactivating autopickup.
The sky beast misses you.
You closely miss the sky beast.
The sky beast is lightly wounded.
The sky beast hits you. The sky beast shocks you.
* * * LOW HITPOINT WARNING * * *
You hit the sky beast but do no damage.
The sky beast is lightly wounded.
The sky beast hits you but does no damage.
You hit the sky beast.
The sky beast is heavily wounded.
The sky beast closely misses you.
You closely miss the sky beast.
The sky beast is heavily wounded.
The sky beast hits you.
* * * LOW HITPOINT WARNING * * *
The sky beast shocks you.
You die...

#.# #.# #.# #.#
#.# # #.# #.
#####.###### #..
#....@.....# ..
#....Y.....#
#.####...(......#
#..รท......#######
####..##### #..##
........>.....#
.....Y.######.#
...%.#.


You could see a sky beast.

Vanquished Creatures
  2 dart slugs
  A leopard gecko (D:1)
  A giant cockroach (D:1)
  3 goblins
  A hobgoblin (D:1)
  A kobold (D:1)
  A ball python (D:2)
  4 bats (D:1)
  A frilled lizard (D:1)
  4 rats (D:1)
19 creatures vanquished.

Notes
Turn   | Place    | Note
-------+----------+-------------------------------------------
     0 | D:1      | Garessta the Merfolk Skald began the quest for the Orb.
     0 | D:1      | Reached XP level 1. HP: 16/16 MP: 3/3
   282 | D:1      | Reached XP level 2. HP: 23/23 MP: 5/5
   299 | D:1      | Found a sparkling altar of Nemelex Xobeh.
   762 | D:1      | You fall through a shaft!
  1044 | D:2      | Learned a level 2 spell: Song of Slaying
  1047 | D:2      | Learned a level 2 spell: Shroud of Golubria
  1095 | D:2      | Reached XP level 3. HP: 28/28 MP: 2/6
  1113 | D:2      | Noticed a sky beast
  1154 | D:2      | Slain by a sky beast

Skill      XL: |  1  2 |
---------------+-------+-----
Dodging        | 3 |  3.0
Fighting       | |  2.6
Polearms       | |  3.2
Armour         | |  0.6
Spellcasting   | |  2.4
Charms         | |  3.5

Action                   || total
-------------------------++-------
Melee: Spear             ||    78
 Cast: Infusion          ||     3
       Shroud of Golubri ||     1
       Song of Slaying   ||     1
 Stab: Sleeping          ||     2
  Eat: Chunk             ||     1
Armor: Leather armour    ||    13
       Ring mail         ||     5
Dodge: Dodged            ||    44
